VANCOUVER vs CALGARY

Created - January 3, 2021 at 14:20

Goals
1 2 3 T
VANCOUVER 1 1 2 4
CALGARY 3 1 1 5
Shots
1 2 3 T
VANCOUVER 10 11 10 31
CALGARY 16 13 11 40

1st period

1. CALGARY , Jamie Benn 1 (Tyler Bertuzzi 1, Jake Gardiner 1) at 0:58
2. CALGARY , Brock Boeser 1 (Rasmus Dahlin 1, Jamie Benn 1) at 5:36
3. VANCOUVER , Mark Stone 2 (Jonathan Huberdeau 2) at 5:49
4. CALGARY , Mitchell Marner 1 (Elias Pettersson 1) at 13:26

Penalties :
Patrik Laine (CGY) for Interference (Minor) at 2:05, Zach Parise (VAN) for Hooking (Minor) at 2:05, Erik Johnson (VAN) for Holding (Minor) at 8:14

2nd period

5. CALGARY , Chris Tierney 1 (Jaccob Slavin 1, Mitchell Marner 1) at 1:04 (PP)
6. VANCOUVER , Zach Parise 1 (Nazem Kadri 1, Nikolaj Ehlers 1) at 3:41

Penalties :
Erik Johnson (VAN) for Roughing (Minor) at 0:04, Hampus Lindholm (VAN) for Hooking (Minor) at 10:32, Mikhail Sergachev (CGY) for Interference (Minor) at 15:27

3rd period

7. VANCOUVER , Jonathan Huberdeau 1 (Mark Stone 1, Hampus Lindholm 1) at 7:48
8. VANCOUVER , Zach Parise 2 (Erik Johnson 2, Ryan Ellis 2) at 8:54
9. CALGARY , Jamie Benn 2 (Tyler Bertuzzi 2, Brock Boeser 1) at 10:35

Penalties :
Ryan Ellis (VAN) for Hooking (Minor) at 5:41, TJ Brodie (VAN) for Charging (Minor) at 19:57

Goalie Stats

Petr Mrazek (VAN), 35 saves from 40 shots - (0.875), L, 0-1-1, 59:13 minutes
Jack Campbell (CGY), 27 saves from 31 shots - (0.871), W, 1-0-0, 60:00 minutes

Players Stats for VANCOUVER

Player Name              G  A  P  +/- PIM S  H  SB GA TA FO     MP     PP MP  PK MP  
------------------------------------------------------------------------------------
Alex Steen               0  0  0   0  0   1  0  0  0  0  1/1    15:55   0:00   4:23 
Erik Johnson             0  1  1  -1  4   0  6  1  0  0  0/0    22:02   1:25   1:21 
Hampus Lindholm          0  1  1   0  2   1  1  3  0  0  0/0    20:16   0:34   2:16 
Jonathan Huberdeau       1  1  2   2  0   5  0  0  0  0  3/4    20:29   1:25   1:23 
Luca Sbisa               0  0  0   1  0   1  1  1  0  0  0/0    15:08   0:00   1:33 
Mark Stone               1  1  2   2  0   8  0  0  0  0  0/2    18:11   1:25   0:00 
Melker Karlsson          0  0  0   0  0   1  1  0  0  0  1/1    11:32   0:00   0:00 
Nazem Kadri              0  1  1  -2  0   1  2  1  0  0  13/30  20:58   0:34   4:15 
Nick Schmaltz            0  0  0   0  0   0  2  0  0  0  3/12   11:32   0:00   0:00 
Nikolaj Ehlers           0  1  1  -2  0   1  0  0  0  0  1/2    16:25   0:34   0:14 
Ryan Ellis               0  1  1  -1  2   2  3  1  0  0  0/0    23:53   1:25   2:29 
Sami Vatanen             0  0  0   0  0   0  0  4  0  0  0/0    21:01   0:34   3:09 
Sheldon Dries            0  0  0   0  0   0  0  0  0  0  3/6     7:25   0:00   1:45 
TJ Brodie                0  0  0   1  2   1  0  3  0  0  0/0    17:21   0:00   2:56 
Trevor Moore             0  0  0   0  0   0  0  0  0  0  0/0     5:40   0:00   0:00 
Troy Brouwer             0  0  0   0  0   1  0  0  0  0  0/0     5:53   0:00   0:13 
Tyler Seguin             0  0  0   2  0   5  2  0  0  0  21/29  19:06   1:25   0:00 
Zach Parise              2  0  2  -2  2   3  1  0  0  0  0/0    18:09   0:34   1:59 

Players Stats for CALGARY

Player Name              G  A  P  +/- PIM S  H  SB GA TA FO     MP     PP MP  PK MP  
------------------------------------------------------------------------------------
Blake Coleman            0  0  0  -1  0   3  4  0  0  0  0/2     9:22   1:20   1:20 
Brock Boeser             1  1  2   2  0   4  0  0  0  0  0/1    19:35   3:01   0:00 
Chris Tierney            1  0  1  -1  0   4  0  0  0  0  5/10   12:03   3:45   0:26 
Derick Brassard          0  0  0  -1  0   1  0  0  0  0  4/8     8:50   0:00   0:00 
Drake Caggiula           0  0  0  -1  0   1  2  1  0  0  0/1     9:20   0:17   0:13 
Elias Pettersson         0  1  1   0  0   3  0  0  0  0  18/29  22:12   3:31   0:34 
Jaccob Slavin            0  1  1   0  0   2  0  2  0  0  0/0    24:54   3:14   0:48 
Jake Gardiner            0  1  1   2  0   1  0  0  0  0  0/0    16:52   0:48   0:00 
Jamie Benn               2  1  3   2  0   7  4  0  0  0  11/30  22:13   3:09   0:59 
Joel Kellman             0  0  0  -1  0   0  0  0  0  0  1/2     8:50   0:00   0:00 
Markus Nutivaara         0  0  0  -2  0   1  0  0  0  0  0/0    14:07   0:00   1:11 
Matt Nieto               0  0  0  -1  0   1  0  0  0  0  1/2     6:42   0:00   0:00 
Mikhail Sergachev        0  0  0   2  2   2  1  0  0  0  0/0    20:10   2:57   0:00 
Mitchell Marner          1  1  2   0  0   5  0  0  0  0  0/1    20:43   2:57   0:00 
Patrik Laine             0  0  0   0  2   2  0  0  0  0  0/0    19:47   3:33   0:00 
Rasmus Dahlin            0  1  1   0  0   1  1  1  0  0  0/0    24:54   3:14   0:48 
Tyler Bertuzzi           0  2  2   2  0   2  1  0  0  0  1/1    21:19   3:09   0:26 
Zach Bogosian            0  0  0  -2  0   0  2  1  0  0  0/0    14:07   0:00   1:11 

3 Stars

1 - Jamie Benn (CGY)
2 - Brock Boeser (CGY)
3 - Mark Stone (VAN)

Power Play

VANCOUVER - 0 on 1 Attempt(s) - 0.00%
CALGARY - 1 on 5 Attempt(s) - 20.00%

Penalty Kill

VANCOUVER - 4 on 5 Attempt(s) - 80.00% - Score 0 goal in Penalty Kill
CALGARY - 1 on 1 Attempt(s) - 100.00% - Score 0 goal in Penalty Kill

Team Stat

VANCOUVER - Hits : 19 - Faceoff Wins : 46 - Blocked Shots : 14 - Penalty Minutes : 12
CALGARY - Hits : 15 - Faceoff Wins : 41 - Blocked Shots : 5 - Penalty Minutes : 4

Official

Referees : Adam Bloski and Kevin Pollock
Linesman : Derek Nansen and Jaime Alary

Game Notes

No Game Note

Finance

Level 1 -- Attendance: 5377 (89.62%) -- Ticket Income $430,160
Level 2 -- Attendance: 4662 (93.24%) -- Ticket Income $233,100
Level 3 -- Attendance: 1918 (95.90%) -- Ticket Income $57,540
Level 4 -- Attendance: 4000 (100.00%) -- Ticket Income $40,000
Luxury Box -- Attendance: 1000 (100.00%) -- Ticket Income $175,000
Game was played at the Saddledome.
Total Attendance: 16957 (94.21%)
Total Ticket Income: $935,800
Total Income: $935,800

VANCOUVER

5 vs 5 Forward 
   Center                   Left Wing                Right Wing               Time % Phy DF OF 
 1 Tyler Seguin             Jonathan Huberdeau       Mark Stone               38     1   2  2  
 2 Nazem Kadri              Zach Parise              Nikolaj Ehlers           37     1   2  2  
 3 Nick Schmaltz            Alex Steen               Melker Karlsson          25     1   2  2  
 4 Sheldon Dries            Trevor Moore             Troy Brouwer             0      1   3  1  

5 vs 5 Defense 
   Defense                  Defense                                           Time % Phy DF OF 
 1 Ryan Ellis               Erik Johnson                                      40     1   2  2  
 2 Hampus Lindholm          Sami Vatanen                                      35     1   2  2  
 3 TJ Brodie                Luca Sbisa                                        25     1   3  1  
 4 Ryan Ellis               Erik Johnson                                      0      1   2  2  

PowerPlay Forward 
   Center                   Left Wing                Right Wing               Time % Phy DF OF 
 1 Tyler Seguin             Jonathan Huberdeau       Mark Stone               60     1   1  3  
 2 Nazem Kadri              Zach Parise              Nikolaj Ehlers           40     1   1  3  

PowerPlay Defense
   Defense                  Defense                                           Time % Phy DF OF 
 1 Ryan Ellis               Erik Johnson                                      60     1   1  3  
 2 Hampus Lindholm          Sami Vatanen                                      40     1   1  3  

Penalty Kill 4 Players Forward 
   Center                   Wing                     Time % Phy DF OF 
 1 Nazem Kadri              Alex Steen               60     1   4  0  
 2 Sheldon Dries            Zach Parise              40     1   4  0  

Penalty Kill 4 Players Defense
   Defense                  Defense                  Time % Phy DF OF 
 1 Ryan Ellis               Erik Johnson             60     1   4  0  
 2 Hampus Lindholm          Sami Vatanen             40     1   4  0  

Penalty Kill - 3 Players Forward 
   Forward                                           Time % Phy DF OF 
 1 Nazem Kadri                                       60     1   2  2  
 2 Tyler Seguin                                      40     1   2  2  

Penalty Kill - 3 Players Defense
   Defense                  Defense                  Time % Phy DF OF 
 1 Ryan Ellis               Erik Johnson             60     1   2  2  
 2 Hampus Lindholm          Sami Vatanen             40     1   2  2  

4 vs 4 Forward 
   Center                   Wing                     Time % Phy DF OF 
 1 Tyler Seguin             Jonathan Huberdeau       60     1   2  2  
 2 Nazem Kadri              Mark Stone               40     1   2  2  

4 vs 4 Defense
   Defense                  Defense                  Time % Phy DF OF 
 1 Ryan Ellis               Erik Johnson             60     1   2  2  
 2 Hampus Lindholm          Sami Vatanen             40     1   2  2  

Last Minutes Offensive
   Center                   Left Wing                Right Wing               Defense                  Defense                  
   Tyler Seguin             Jonathan Huberdeau       Mark Stone               Ryan Ellis               Sami Vatanen             

Last Minutes Defensive
   Center                   Left Wing                Right Wing               Defense                  Defense                  
   Tyler Seguin             Jonathan Huberdeau       Mark Stone               Ryan Ellis               Erik Johnson             

Goaltenders
Starting : Petr Mrazek              
Backup : Hunter Miska             

Extra Forwards
Normal : Zach Parise, Jonathan Huberdeau, Mark Stone - PP : Nazem Kadri, Tyler Seguin - PK : Jonathan Huberdeau
Extra Defensemen
Normal : TJ Brodie, Ryan Ellis, Hampus Lindholm - PP : TJ Brodie - PK : TJ Brodie, Luca Sbisa
Penalty Shots
Mark Stone, Tyler Seguin, Jonathan Huberdeau, Zach Parise, Nikolaj Ehlers

Scratches
None

CALGARY

5 vs 5 Forward 
   Center                   Left Wing                Right Wing               Time % Phy DF OF 
 1 Elias Pettersson         Mitchell Marner          Patrik Laine             40     0   1  4  
 2 Jamie Benn               Tyler Bertuzzi           Brock Boeser             40     1   1  3  
 3 Chris Tierney            Blake Coleman            Matt Nieto               10     1   2  2  
 4 Derick Brassard          Joel Kellman             Drake Caggiula           10     2   3  0  

5 vs 5 Defense 
   Defense                  Defense                                           Time % Phy DF OF 
 1 Jaccob Slavin            Rasmus Dahlin                                     35     1   1  3  
 2 Jake Gardiner            Mikhail Sergachev                                 30     1   2  2  
 3 Markus Nutivaara         Zach Bogosian                                     25     3   2  0  
 4 Rasmus Dahlin            Jaccob Slavin                                     10     1   2  2  

PowerPlay Forward 
   Center                   Left Wing                Right Wing               Time % Phy DF OF 
 1 Elias Pettersson         Patrik Laine             Brock Boeser             62     1   1  3  
 2 Jamie Benn               Tyler Bertuzzi           Mitchell Marner          38     1   1  3  

PowerPlay Defense
   Defense                  Defense                                           Time % Phy DF OF 
 1 Mikhail Sergachev        Rasmus Dahlin                                     64     1   1  3  
 2 Chris Tierney            Jaccob Slavin                                     36     1   1  3  

Penalty Kill 4 Players Forward 
   Center                   Wing                     Time % Phy DF OF 
 1 Jamie Benn               Blake Coleman            60     1   4  0  
 2 Chris Tierney            Tyler Bertuzzi           40     1   4  0  

Penalty Kill 4 Players Defense
   Defense                  Defense                  Time % Phy DF OF 
 1 Jaccob Slavin            Rasmus Dahlin            60     1   4  0  
 2 Zach Bogosian            Mikhail Sergachev        40     1   4  0  

Penalty Kill - 3 Players Forward 
   Forward                                           Time % Phy DF OF 
 1 Blake Coleman                                     60     1   4  0  
 2 Chris Tierney                                     40     1   4  0  

Penalty Kill - 3 Players Defense
   Defense                  Defense                  Time % Phy DF OF 
 1 Jaccob Slavin            Rasmus Dahlin            60     1   4  0  
 2 Zach Bogosian            Mikhail Sergachev        40     1   4  0  

4 vs 4 Forward 
   Center                   Wing                     Time % Phy DF OF 
 1 Elias Pettersson         Patrik Laine             60     1   1  3  
 2 Jamie Benn               Mitchell Marner          40     1   1  3  

4 vs 4 Defense
   Defense                  Defense                  Time % Phy DF OF 
 1 Jaccob Slavin            Rasmus Dahlin            60     0   1  4  
 2 Tyler Bertuzzi           Mikhail Sergachev        40     0   1  4  

Last Minutes Offensive
   Center                   Left Wing                Right Wing               Defense                  Defense                  
   Jamie Benn               Brock Boeser             Mitchell Marner          Jaccob Slavin            Rasmus Dahlin            

Last Minutes Defensive
   Center                   Left Wing                Right Wing               Defense                  Defense                  
   Jamie Benn               Elias Pettersson         Mitchell Marner          Jaccob Slavin            Rasmus Dahlin            

Goaltenders
Starting : Jack Campbell            
Backup : Anders Nilsson           

Extra Forwards
Normal : Chris Tierney, Blake Coleman, Derick Brassard - PP : Chris Tierney, Blake Coleman - PK : Elias Pettersson
Extra Defensemen
Normal : Jake Gardiner, Jaccob Slavin, Rasmus Dahlin - PP : Jake Gardiner - PK : Markus Nutivaara, Mikhail Sergachev
Penalty Shots
Mitchell Marner, Jamie Benn, Elias Pettersson, Brock Boeser, Chris Tierney

Scratches
CGY Cap Hit (Suspend), Shane Bowers (Healthy)

% Time on Ice - VANCOUVER

Lines # - Real PCT - Wanted PCT - Time Play
Normal Forward
1 - 32% - 38% - 15:32
2 - 32% - 37% - 15:37
3 - 24% - 25% - 11:32
4 - 12% - 0% - 5:40
Normal Defense
1 - 37% - 40% - 17:51
2 - 35% - 35% - 16:46
3 - 28% - 25% - 13:44
4 - 0% - 0% - 0:00
PP Forward
1 - 71% - 60% - 1:25
2 - 29% - 40% - 0:34
PP Defense
1 - 71% - 60% - 1:25
2 - 29% - 40% - 0:34
PK Forward
1 - 75% - 60% - 5:14
2 - 25% - 40% - 1:45
PK Defense
1 - 52% - 60% - 3:36
2 - 48% - 40% - 3:23
PK3 Forward
1 - 0% - 60%
2 - 0% - 40%
PK3 Defense
1 - 0% - 60%
2 - 0% - 40%
44 Forward
1 - 73% - 60% - 1:27
2 - 27% - 40% - 0:32
44 Defense
1 - 73% - 60% - 1:27
2 - 27% - 40% - 0:32
Last Minute Offensive  - 0:42
Last Minute Defensive  - 0:00
Total
Forward - 60:00
Defense - 60:00

% Time on Ice - CALGARY

Lines # - Real PCT - Wanted PCT - Time Play
Normal Forward
1 - 34% - 40% - 16:15
2 - 34% - 40% - 16:34
3 - 14% - 10% - 6:42
4 - 18% - 10% - 8:50
Normal Defense
1 - 35% - 35% - 17:06
2 - 33% - 30% - 16:04
3 - 27% - 25% - 12:56
4 - 5% - 10% - 2:15
PP Forward
1 - 51% - 62% - 3:33
2 - 49% - 38% - 3:26
PP Defense
1 - 46% - 64% - 3:14
2 - 54% - 36% - 3:45
PK Forward
1 - 78% - 60% - 1:33
2 - 22% - 40% - 0:26
PK Defense
1 - 40% - 60% - 0:48
2 - 60% - 40% - 1:11
PK3 Forward
1 - 0% - 60%
2 - 0% - 40%
PK3 Defense
1 - 0% - 60%
2 - 0% - 40%
44 Forward
1 - 59% - 60% - 1:10
2 - 41% - 40% - 0:49
44 Defense
1 - 41% - 60% - 0:49
2 - 59% - 40% - 1:10
Last Minute Offensive  - 0:00
Last Minute Defensive  - 0:42
Total
Forward - 60:00
Defense - 60:00

Play-by-Play

1st period


0:01 of 1st period - Elias Pettersson wins face-off versus Tyler Seguin in neutral zone.
0:04 of 1st period - Shot by Mitchell Marner.
0:04 of 1st period - Shot Misses the Net.
0:15 of 1st period - Elias Pettersson is hit by Ryan Ellis and loses puck.
0:28 of 1st period - Shot by Tyler Seguin.
0:28 of 1st period - Stopped by Jack Campbell with a rebound.
0:30 of 1st period - Shot by Tyler Seguin.
0:30 of 1st period - Shot Misses the Net.
0:32 of 1st period - Shot by Jonathan Huberdeau.
0:32 of 1st period - Stopped by Jack Campbell without a rebound.
0:33 of 1st period - Jamie Benn wins face-off versus Nazem Kadri in CALGARY zone.
0:44 of 1st period - Shot by Brock Boeser.
0:44 of 1st period - Shot Misses the Net.
0:46 of 1st period - Shot by Jake Gardiner.
0:46 of 1st period - Stopped by Petr Mrazek with a rebound.
0:48 of 1st period - Shot by Jake Gardiner.
0:48 of 1st period - Shot Blocked by Hampus Lindholm.
0:50 of 1st period - Shot by Jake Gardiner.
0:50 of 1st period - Shot Misses the Net.
0:56 of 1st period - Shot by Tyler Bertuzzi.
0:56 of 1st period - Shot Blocked by Sami Vatanen.
0:58 of 1st period - Shot by Jamie Benn.
0:58 of 1st period - Goal by Jamie Benn - VANCOUVER : 0 - CALGARY : 1.
0:59 of 1st period - Chris Tierney wins face-off versus Nick Schmaltz in neutral zone.
1:06 of 1st period - Shot by Luca Sbisa.
1:06 of 1st period - Stopped by Jack Campbell without a rebound.
1:07 of 1st period - Derick Brassard wins face-off versus Nick Schmaltz in CALGARY zone.
1:16 of 1st period - Shot by Derick Brassard.
1:16 of 1st period - Stopped by Petr Mrazek without a rebound.
1:17 of 1st period - Jamie Benn wins face-off versus Nazem Kadri in VANCOUVER zone.
2:05 of 1st period - Minor Penalty to Patrik Laine for Interference.
2:05 of 1st period - Minor Penalty to Zach Parise for Hooking.
2:06 of 1st period - Elias Pettersson wins face-off versus Tyler Seguin in neutral zone.
2:08 of 1st period - Off-side.
2:09 of 1st period - Elias Pettersson wins face-off versus Tyler Seguin in neutral zone.
2:36 of 1st period - Shot by Elias Pettersson.
2:36 of 1st period - Stopped by Petr Mrazek without a rebound.
2:37 of 1st period - Nazem Kadri wins face-off versus Jamie Benn in VANCOUVER zone.
2:50 of 1st period - Shot by Nazem Kadri.
2:50 of 1st period - Shot Misses the Net.
2:52 of 1st period - Shot by Mark Stone.
2:52 of 1st period - Shot Misses the Net.
2:54 of 1st period - Shot by Nazem Kadri.
2:54 of 1st period - Deflect By Mark Stone.
2:54 of 1st period - Shot Misses the Net.
2:56 of 1st period - Shot by Mark Stone.
2:56 of 1st period - Deflect By Nazem Kadri.
2:56 of 1st period - Stopped by Jack Campbell with a rebound.
3:02 of 1st period - Shot by Mark Stone.
3:02 of 1st period - Shot Blocked by Jaccob Slavin.
3:04 of 1st period - Shot by Mark Stone.
3:04 of 1st period - Shot Blocked by Rasmus Dahlin.
3:06 of 1st period - Shot by Mark Stone.
3:06 of 1st period - Shot Blocked by Jaccob Slavin.
3:08 of 1st period - Shot by Mark Stone.
3:08 of 1st period - Stopped by Jack Campbell without a rebound.
3:09 of 1st period - Elias Pettersson wins face-off versus Tyler Seguin in CALGARY zone.
3:18 of 1st period - Shot by Tyler Seguin.
3:18 of 1st period - Shot Misses the Net.
3:30 of 1st period - Shot by Elias Pettersson.
3:30 of 1st period - Shot Misses the Net.
4:37 of 1st period - Shot by Melker Karlsson.
4:37 of 1st period - Stopped by Jack Campbell without a rebound.
4:38 of 1st period - Elias Pettersson wins face-off versus Nikolaj Ehlers in CALGARY zone.
4:51 of 1st period - Shot by Mitchell Marner.
4:51 of 1st period - Stopped by Petr Mrazek without a rebound.
4:52 of 1st period - Matt Nieto wins face-off versus Sheldon Dries in VANCOUVER zone.
4:55 of 1st period - Shot by Blake Coleman.
4:55 of 1st period - Stopped by Petr Mrazek without a rebound.
4:56 of 1st period - Elias Pettersson wins face-off versus Nazem Kadri in VANCOUVER zone.
5:32 of 1st period - Icing by Erik Johnson.
5:33 of 1st period - Jamie Benn wins face-off versus Nazem Kadri in VANCOUVER zone.
5:36 of 1st period - Shot by Brock Boeser.
5:36 of 1st period - Goal by Brock Boeser - VANCOUVER : 0 - CALGARY : 2.
5:37 of 1st period - Tyler Seguin wins face-off versus Jamie Benn in neutral zone.
5:49 of 1st period - Shot by Mark Stone.
5:49 of 1st period - Goal by Mark Stone - VANCOUVER : 1 - CALGARY : 2.
5:50 of 1st period - Nick Schmaltz wins face-off versus Chris Tierney in neutral zone.
7:01 of 1st period - Shot by Mitchell Marner.
7:01 of 1st period - Shot Misses the Net.
7:11 of 1st period - Shot by Patrik Laine.
7:11 of 1st period - Shot Blocked by Erik Johnson.
7:13 of 1st period - Shot by Mitchell Marner.
7:13 of 1st period - Stopped by Petr Mrazek without a rebound.
7:14 of 1st period - Jamie Benn wins face-off versus Nazem Kadri in VANCOUVER zone.
7:56 of 1st period - Luca Sbisa is hit by Jamie Benn and loses puck.
8:14 of 1st period - Minor Penalty to Erik Johnson for Holding.
8:15 of 1st period - Jonathan Huberdeau wins face-off versus Elias Pettersson in VANCOUVER zone.
8:38 of 1st period - Shot by Chris Tierney.
8:38 of 1st period - Shot Misses the Net.
8:40 of 1st period - Shot by Patrik Laine.
8:40 of 1st period - Shot Misses the Net.
8:42 of 1st period - Shot by Elias Pettersson.
8:42 of 1st period - Shot Misses the Net.
8:44 of 1st period - Shot by Chris Tierney.
8:44 of 1st period - Shot Misses the Net.
8:46 of 1st period - Shot by Chris Tierney.
8:46 of 1st period - Stopped by Petr Mrazek without a rebound.
8:47 of 1st period - Tyler Bertuzzi wins face-off versus Nazem Kadri in VANCOUVER zone.
8:58 of 1st period - Shot by Rasmus Dahlin.
8:58 of 1st period - Shot Misses the Net.
9:44 of 1st period - Shot by Elias Pettersson.
9:44 of 1st period - Shot Misses the Net.
9:46 of 1st period - Shot by Brock Boeser.
9:46 of 1st period - Shot Hit the Post.
10:03 of 1st period - Icing by Drake Caggiula.
10:04 of 1st period - Jonathan Huberdeau wins face-off versus Blake Coleman in CALGARY zone.
10:22 of 1st period - Derick Brassard is hit by Erik Johnson and loses puck.
10:36 of 1st period - Drake Caggiula is hit by Erik Johnson.
12:58 of 1st period - Shot by Mark Stone.
12:58 of 1st period - Stopped by Jack Campbell without a rebound.
12:59 of 1st period - Chris Tierney wins face-off versus Mark Stone in CALGARY zone.
12:59 of 1st period - Matt Nieto is hit by Tyler Seguin and loses puck.
13:24 of 1st period - Shot by Blake Coleman.
13:24 of 1st period - Stopped by Petr Mrazek without a rebound.
13:25 of 1st period - Elias Pettersson wins face-off versus Nazem Kadri in VANCOUVER zone.
13:26 of 1st period - Shot by Mitchell Marner.
13:26 of 1st period - Goal by Mitchell Marner - VANCOUVER : 1 - CALGARY : 3.
13:27 of 1st period - Nazem Kadri wins face-off versus Mitchell Marner in neutral zone.
14:04 of 1st period - Shot by Elias Pettersson.
14:04 of 1st period - Stopped by Petr Mrazek without a rebound.
14:05 of 1st period - Tyler Seguin wins face-off versus Jamie Benn in VANCOUVER zone.
14:47 of 1st period - Shot by Tyler Seguin.
14:47 of 1st period - Stopped by Jack Campbell with a rebound.
15:16 of 1st period - Matt Nieto is hit by Nick Schmaltz and loses puck.
15:52 of 1st period - Mitchell Marner is hit by Ryan Ellis and loses puck.
15:55 of 1st period - Shot by Elias Pettersson.
15:55 of 1st period - Shot Misses the Net.
15:57 of 1st period - Shot by Mitchell Marner.
15:57 of 1st period - Stopped by Petr Mrazek without a rebound.
15:58 of 1st period - Nikolaj Ehlers wins face-off versus Drake Caggiula in VANCOUVER zone.
15:58 of 1st period - Nikolaj Ehlers is hit by Drake Caggiula.
16:23 of 1st period - Shot by Zach Parise.
16:23 of 1st period - Shot Misses the Net.
16:25 of 1st period - Shot by TJ Brodie.
16:25 of 1st period - Shot Blocked by Drake Caggiula.
16:38 of 1st period - Jaccob Slavin is hit by Nazem Kadri and loses puck.
17:28 of 1st period - Shot by Elias Pettersson.
17:28 of 1st period - Shot Misses the Net.
17:30 of 1st period - Shot by Elias Pettersson.
17:30 of 1st period - Stopped by Petr Mrazek without a rebound.
17:31 of 1st period - Tyler Seguin wins face-off versus Jamie Benn in VANCOUVER zone.
17:41 of 1st period - Off-side.
17:42 of 1st period - Chris Tierney wins face-off versus Nick Schmaltz in neutral zone.
17:51 of 1st period - Shot by Chris Tierney.
17:51 of 1st period - Deflect By Matt Nieto.
17:51 of 1st period - Stopped by Petr Mrazek without a rebound.
17:52 of 1st period - Tyler Seguin wins face-off versus Brock Boeser in VANCOUVER zone.
18:22 of 1st period - Tyler Seguin is hit by Mikhail Sergachev.
18:41 of 1st period - Icing by Mikhail Sergachev.
18:42 of 1st period - Jamie Benn wins face-off versus Nazem Kadri in CALGARY zone.
19:10 of 1st period - Shot by Zach Parise.
19:10 of 1st period - Stopped by Jack Campbell without a rebound.
19:11 of 1st period - Chris Tierney wins face-off versus Nick Schmaltz in CALGARY zone.
19:11 of 1st period - Chris Tierney is hit by Melker Karlsson.
19:31 of 1st period - Shot by Matt Nieto.
19:31 of 1st period - Shot Blocked by TJ Brodie.
19:33 of 1st period - Shot by Blake Coleman.
19:33 of 1st period - Stopped by Petr Mrazek without a rebound.
19:34 of 1st period - Elias Pettersson wins face-off versus Jonathan Huberdeau in VANCOUVER zone.
19:48 of 1st period - Icing by Tyler Seguin.
19:49 of 1st period - Tyler Seguin wins face-off versus Jamie Benn in VANCOUVER zone.
19:49 of 1st period - Tyler Seguin is hit by Jamie Benn.
19:58 of 1st period - Tyler Seguin is hit by Jamie Benn and loses puck.
Goals for this period are 1 for VANCOUVER vs 3 for CALGARY.
Shots for this period are 10 for VANCOUVER vs 16 for CALGARY.

2nd period


0:01 of 2nd period - Elias Pettersson wins face-off versus Tyler Seguin in neutral zone.
0:03 of 2nd period - Mitchell Marner is hit by Ryan Ellis and loses puck.
0:04 of 2nd period - Minor Penalty to Erik Johnson for Roughing.
0:05 of 2nd period - Nazem Kadri wins face-off versus Elias Pettersson in VANCOUVER zone.
0:36 of 2nd period - Shot by Brock Boeser.
0:36 of 2nd period - Stopped by Petr Mrazek without a rebound.
0:37 of 2nd period - Nazem Kadri wins face-off versus Jamie Benn in VANCOUVER zone.
0:58 of 2nd period - Shot by Jaccob Slavin.
0:58 of 2nd period - Shot Misses the Net.
1:00 of 2nd period - Shot by Jaccob Slavin.
1:00 of 2nd period - Stopped by Petr Mrazek with a rebound.
1:02 of 2nd period - Shot by Jaccob Slavin.
1:02 of 2nd period - Stopped by Petr Mrazek with a rebound.
1:04 of 2nd period - Shot by Chris Tierney.
1:04 of 2nd period - Goal by Chris Tierney - VANCOUVER : 1 - CALGARY : 4.
1:05 of 2nd period - Tyler Seguin wins face-off versus Derick Brassard in neutral zone.
1:25 of 2nd period - Shot by Mark Stone.
1:25 of 2nd period - Stopped by Jack Campbell without a rebound.
1:26 of 2nd period - Sheldon Dries wins face-off versus Elias Pettersson in CALGARY zone.
1:47 of 2nd period - Shot by Trevor Moore.
1:47 of 2nd period - Deflect By Troy Brouwer.
1:47 of 2nd period - Stopped by Jack Campbell with a rebound.
1:58 of 2nd period - Elias Pettersson is hit by Erik Johnson and loses puck.
2:39 of 2nd period - Shot by Jamie Benn.
2:39 of 2nd period - Stopped by Petr Mrazek with a rebound.
2:41 of 2nd period - Shot by Jamie Benn.
2:41 of 2nd period - Shot Misses the Net.
2:43 of 2nd period - Shot by Jamie Benn.
2:43 of 2nd period - Shot Blocked by Hampus Lindholm.
2:49 of 2nd period - Shot by Brock Boeser.
2:49 of 2nd period - Deflect By Jamie Benn.
2:49 of 2nd period - Shot Blocked by Hampus Lindholm.
3:01 of 2nd period - Shot by Brock Boeser.
3:01 of 2nd period - Shot Misses the Net.
3:03 of 2nd period - Shot by Jamie Benn.
3:03 of 2nd period - Shot Hit the Post.
3:29 of 2nd period - Shot by Nazem Kadri.
3:29 of 2nd period - Deflect By Zach Parise.
3:29 of 2nd period - Shot Misses the Net.
3:31 of 2nd period - Shot by Nikolaj Ehlers.
3:31 of 2nd period - Shot Misses the Net.
3:33 of 2nd period - Shot by Nazem Kadri.
3:33 of 2nd period - Shot Misses the Net.
3:39 of 2nd period - Shot by Zach Parise.
3:39 of 2nd period - Shot Misses the Net.
3:41 of 2nd period - Shot by Zach Parise.
3:41 of 2nd period - Goal by Zach Parise - VANCOUVER : 2 - CALGARY : 4.
3:42 of 2nd period - Derick Brassard wins face-off versus Nick Schmaltz in neutral zone.
3:45 of 2nd period - Ryan Ellis is hit by Drake Caggiula and loses puck.
3:59 of 2nd period - Drake Caggiula is hit by Erik Johnson and loses puck.
4:53 of 2nd period - Shot by Elias Pettersson.
4:53 of 2nd period - Shot Misses the Net.
5:12 of 2nd period - Icing by TJ Brodie.
5:13 of 2nd period - Nazem Kadri wins face-off versus Jamie Benn in VANCOUVER zone.
5:36 of 2nd period - Shot by Zach Parise.
5:36 of 2nd period - Shot Misses the Net.
5:38 of 2nd period - Shot by TJ Brodie.
5:38 of 2nd period - Stopped by Jack Campbell with a rebound.
5:40 of 2nd period - Shot by Luca Sbisa.
5:40 of 2nd period - Shot Blocked by Zach Bogosian.
5:42 of 2nd period - Shot by TJ Brodie.
5:42 of 2nd period - Shot Misses the Net.
5:44 of 2nd period - Shot by Luca Sbisa.
5:44 of 2nd period - Shot Misses the Net.
5:48 of 2nd period - Shot by Zach Parise.
5:48 of 2nd period - Shot Misses the Net.
5:50 of 2nd period - Shot by Nikolaj Ehlers.
5:50 of 2nd period - Stopped by Jack Campbell without a rebound.
5:51 of 2nd period - Tyler Seguin wins face-off versus Chris Tierney in CALGARY zone.
6:52 of 2nd period - Shot by Patrik Laine.
6:52 of 2nd period - Shot Misses the Net.
6:54 of 2nd period - Shot by Elias Pettersson.
6:54 of 2nd period - Shot Misses the Net.
6:56 of 2nd period - Shot by Mikhail Sergachev.
6:56 of 2nd period - Shot Blocked by Sami Vatanen.
6:58 of 2nd period - Shot by Mikhail Sergachev.
6:58 of 2nd period - Shot Misses the Net.
7:10 of 2nd period - Shot by Mikhail Sergachev.
7:10 of 2nd period - Deflect By Mitchell Marner.
7:10 of 2nd period - Shot Misses the Net.
7:12 of 2nd period - Shot by Mikhail Sergachev.
7:12 of 2nd period - Stopped by Petr Mrazek without a rebound.
7:13 of 2nd period - Nazem Kadri wins face-off versus Jamie Benn in VANCOUVER zone.
7:25 of 2nd period - Zach Parise is hit by Zach Bogosian and loses puck.
7:35 of 2nd period - Brock Boeser is hit by Erik Johnson and loses puck.
8:08 of 2nd period - Nick Schmaltz is hit by Jamie Benn and loses puck.
9:06 of 2nd period - Icing by Erik Johnson.
9:07 of 2nd period - Elias Pettersson wins face-off versus Sheldon Dries in VANCOUVER zone.
9:32 of 2nd period - Icing by Ryan Ellis.
9:33 of 2nd period - Chris Tierney wins face-off versus Sheldon Dries in VANCOUVER zone.
9:52 of 2nd period - Sheldon Dries is hit by Blake Coleman and loses puck.
10:32 of 2nd period - Shot by Jamie Benn.
10:32 of 2nd period - Stopped by Petr Mrazek without a rebound.
10:32 of 2nd period - Minor Penalty to Hampus Lindholm for Hooking.
10:33 of 2nd period - Elias Pettersson wins face-off versus Nazem Kadri in VANCOUVER zone.
11:32 of 2nd period - Shot by Jamie Benn.
11:32 of 2nd period - Stopped by Petr Mrazek without a rebound.
11:33 of 2nd period - Jamie Benn wins face-off versus Nazem Kadri in VANCOUVER zone.
11:46 of 2nd period - Shot by Mitchell Marner.
11:46 of 2nd period - Shot Blocked by Sami Vatanen.
11:58 of 2nd period - Shot by Jamie Benn.
11:58 of 2nd period - Stopped by Petr Mrazek with a rebound.
12:00 of 2nd period - Shot by Tyler Bertuzzi.
12:00 of 2nd period - Deflect By Jamie Benn.
12:00 of 2nd period - Stopped by Petr Mrazek with a rebound.
12:02 of 2nd period - Shot by Jamie Benn.
12:02 of 2nd period - Deflect By Mitchell Marner.
12:02 of 2nd period - Shot Blocked by Nazem Kadri.
12:40 of 2nd period - Shot by Mark Stone.
12:40 of 2nd period - Stopped by Jack Campbell without a rebound.
12:41 of 2nd period - Jonathan Huberdeau wins face-off versus Derick Brassard in CALGARY zone.
12:47 of 2nd period - Icing by Joel Kellman.
12:48 of 2nd period - Derick Brassard wins face-off versus Mark Stone in CALGARY zone.
14:03 of 2nd period - Shot by Elias Pettersson.
14:03 of 2nd period - Deflect By Patrik Laine.
14:03 of 2nd period - Shot Blocked by TJ Brodie.
14:05 of 2nd period - Shot by Rasmus Dahlin.
14:05 of 2nd period - Stopped by Petr Mrazek without a rebound.
14:06 of 2nd period - Jamie Benn wins face-off versus Nazem Kadri in VANCOUVER zone.
14:07 of 2nd period - Shot by Tyler Bertuzzi.
14:07 of 2nd period - Stopped by Petr Mrazek without a rebound.
14:08 of 2nd period - Jamie Benn wins face-off versus Nazem Kadri in VANCOUVER zone.
14:09 of 2nd period - Shot by Brock Boeser.
14:09 of 2nd period - Stopped by Petr Mrazek without a rebound.
14:10 of 2nd period - Nazem Kadri wins face-off versus Elias Pettersson in VANCOUVER zone.
14:32 of 2nd period - Elias Pettersson is hit by Hampus Lindholm and loses puck.
14:40 of 2nd period - Shot by Mitchell Marner.
14:40 of 2nd period - Shot Misses the Net.
15:08 of 2nd period - Shot by Tyler Bertuzzi.
15:08 of 2nd period - Shot Misses the Net.
15:27 of 2nd period - Minor Penalty to Mikhail Sergachev for Interference.
15:28 of 2nd period - Tyler Seguin wins face-off versus Jamie Benn in CALGARY zone.
15:28 of 2nd period - Ryan Ellis is hit by Zach Bogosian and loses puck.
15:46 of 2nd period - Shot by Tyler Seguin.
15:46 of 2nd period - Shot Misses the Net.
15:48 of 2nd period - Shot by Ryan Ellis.
15:48 of 2nd period - Stopped by Jack Campbell without a rebound.
15:49 of 2nd period - Tyler Seguin wins face-off versus Jamie Benn in CALGARY zone.
17:13 of 2nd period - Shot by Tyler Seguin.
17:13 of 2nd period - Stopped by Jack Campbell without a rebound.
17:14 of 2nd period - Tyler Seguin wins face-off versus Jamie Benn in CALGARY zone.
17:31 of 2nd period - Shot by Tyler Seguin.
17:31 of 2nd period - Stopped by Jack Campbell without a rebound.
17:32 of 2nd period - Nick Schmaltz wins face-off versus Joel Kellman in CALGARY zone.
18:19 of 2nd period - Icing by Mikhail Sergachev.
18:20 of 2nd period - Joel Kellman wins face-off versus Nazem Kadri in CALGARY zone.
18:20 of 2nd period - Joel Kellman is hit by Zach Parise.
19:36 of 2nd period - Shot by Tyler Seguin.
19:36 of 2nd period - Stopped by Jack Campbell without a rebound.
19:37 of 2nd period - Melker Karlsson wins face-off versus Elias Pettersson in CALGARY zone.
19:38 of 2nd period - Shot by Nick Schmaltz.
19:38 of 2nd period - Deflect By Alex Steen.
19:38 of 2nd period - Stopped by Jack Campbell without a rebound.
19:39 of 2nd period - Elias Pettersson wins face-off versus Nick Schmaltz in CALGARY zone.
19:39 of 2nd period - Markus Nutivaara is hit by Nick Schmaltz and loses puck.
Goals for this period are 1 for VANCOUVER vs 1 for CALGARY.
Shots for this period are 11 for VANCOUVER vs 13 for CALGARY.

3rd period


0:01 of 3rd period - Tyler Seguin wins face-off versus Elias Pettersson in neutral zone.
0:12 of 3rd period - Shot by Jonathan Huberdeau.
0:12 of 3rd period - Shot Misses the Net.
0:14 of 3rd period - Shot by Ryan Ellis.
0:14 of 3rd period - Stopped by Jack Campbell without a rebound.
0:15 of 3rd period - Nazem Kadri wins face-off versus Jamie Benn in CALGARY zone.
0:40 of 3rd period - Shot by Jamie Benn.
0:40 of 3rd period - Deflect By Tyler Bertuzzi.
0:40 of 3rd period - Stopped by Petr Mrazek without a rebound.
0:41 of 3rd period - Tyler Seguin wins face-off versus Elias Pettersson in VANCOUVER zone.
0:46 of 3rd period - Shot by Mark Stone.
0:46 of 3rd period - Stopped by Jack Campbell with a rebound.
0:53 of 3rd period - Icing by Jaccob Slavin.
0:54 of 3rd period - Elias Pettersson wins face-off versus Nick Schmaltz in CALGARY zone.
1:01 of 3rd period - Shot by Patrik Laine.
1:01 of 3rd period - Shot Hit the Post.
1:03 of 3rd period - Shot by Elias Pettersson.
1:03 of 3rd period - Shot Misses the Net.
1:56 of 3rd period - Shot by Brock Boeser.
1:56 of 3rd period - Stopped by Petr Mrazek without a rebound.
1:57 of 3rd period - Tyler Seguin wins face-off versus Matt Nieto in VANCOUVER zone.
1:57 of 3rd period - Tyler Seguin is hit by Blake Coleman.
2:22 of 3rd period - Shot by Chris Tierney.
2:22 of 3rd period - Stopped by Petr Mrazek without a rebound.
2:23 of 3rd period - Jamie Benn wins face-off versus Nazem Kadri in VANCOUVER zone.
2:30 of 3rd period - Brock Boeser is hit by Nazem Kadri and loses puck.
2:36 of 3rd period - Icing by Tyler Bertuzzi.
2:37 of 3rd period - Jamie Benn wins face-off versus Tyler Seguin in CALGARY zone.
3:06 of 3rd period - Icing by Erik Johnson.
3:07 of 3rd period - Elias Pettersson wins face-off versus Tyler Seguin in VANCOUVER zone.
3:10 of 3rd period - Shot by Patrik Laine.
3:10 of 3rd period - Shot Misses the Net.
3:22 of 3rd period - Shot by Elias Pettersson.
3:22 of 3rd period - Shot Blocked by Ryan Ellis.
3:34 of 3rd period - Shot by Patrik Laine.
3:34 of 3rd period - Stopped by Petr Mrazek without a rebound.
3:35 of 3rd period - Nazem Kadri wins face-off versus Chris Tierney in VANCOUVER zone.
3:37 of 3rd period - Icing by Hampus Lindholm.
3:38 of 3rd period - Jamie Benn wins face-off versus Nazem Kadri in VANCOUVER zone.
4:11 of 3rd period - Shot by Jamie Benn.
4:11 of 3rd period - Shot Blocked by Sami Vatanen.
5:20 of 3rd period - Icing by Jaccob Slavin.
5:21 of 3rd period - Tyler Seguin wins face-off versus Elias Pettersson in CALGARY zone.
5:41 of 3rd period - Minor Penalty to Ryan Ellis for Hooking.
5:42 of 3rd period - Alex Steen wins face-off versus Jamie Benn in VANCOUVER zone.
6:10 of 3rd period - Shot by Chris Tierney.
6:10 of 3rd period - Stopped by Petr Mrazek without a rebound.
6:11 of 3rd period - Elias Pettersson wins face-off versus Nazem Kadri in VANCOUVER zone.
6:41 of 3rd period - Elias Pettersson is hit by Erik Johnson and loses puck.
7:24 of 3rd period - Shot by Mitchell Marner.
7:24 of 3rd period - Stopped by Petr Mrazek without a rebound.
7:25 of 3rd period - Sheldon Dries wins face-off versus Jamie Benn in VANCOUVER zone.
7:48 of 3rd period - Shot by Jonathan Huberdeau.
7:48 of 3rd period - Goal by Jonathan Huberdeau - VANCOUVER : 3 - CALGARY : 4.
7:49 of 3rd period - Tyler Seguin wins face-off versus Derick Brassard in neutral zone.
7:58 of 3rd period - Shot by Jonathan Huberdeau.
7:58 of 3rd period - Stopped by Jack Campbell without a rebound.
7:59 of 3rd period - Sheldon Dries wins face-off versus Derick Brassard in CALGARY zone.
8:30 of 3rd period - Shot by Drake Caggiula.
8:30 of 3rd period - Stopped by Petr Mrazek without a rebound.
8:31 of 3rd period - Nazem Kadri wins face-off versus Elias Pettersson in VANCOUVER zone.
8:54 of 3rd period - Shot by Zach Parise.
8:54 of 3rd period - Goal by Zach Parise - VANCOUVER : 4 - CALGARY : 4.
8:55 of 3rd period - Tyler Seguin wins face-off versus Jamie Benn in neutral zone.
9:11 of 3rd period - Shot by Brock Boeser.
9:11 of 3rd period - Shot Misses the Net.
9:13 of 3rd period - Shot by Markus Nutivaara.
9:13 of 3rd period - Shot Misses the Net.
9:15 of 3rd period - Shot by Jamie Benn.
9:15 of 3rd period - Shot Misses the Net.
9:17 of 3rd period - Shot by Markus Nutivaara.
9:17 of 3rd period - Stopped by Petr Mrazek without a rebound.
9:18 of 3rd period - Nazem Kadri wins face-off versus Elias Pettersson in VANCOUVER zone.
10:35 of 3rd period - Shot by Jamie Benn.
10:35 of 3rd period - Goal by Jamie Benn - VANCOUVER : 4 - CALGARY : 5.
10:36 of 3rd period - Tyler Seguin wins face-off versus Chris Tierney in neutral zone.
10:45 of 3rd period - Shot by Jonathan Huberdeau.
10:45 of 3rd period - Stopped by Jack Campbell with a rebound.
10:53 of 3rd period - Shot by Mark Stone.
10:53 of 3rd period - Stopped by Jack Campbell without a rebound.
10:54 of 3rd period - Derick Brassard wins face-off versus Nick Schmaltz in CALGARY zone.
11:11 of 3rd period - Shot by Derick Brassard.
11:11 of 3rd period - Shot Blocked by TJ Brodie.
11:13 of 3rd period - Shot by Rasmus Dahlin.
11:13 of 3rd period - Shot Misses the Net.
11:47 of 3rd period - Shot by Jamie Benn.
11:47 of 3rd period - Shot Blocked by Luca Sbisa.
11:49 of 3rd period - Shot by Mikhail Sergachev.
11:49 of 3rd period - Stopped by Petr Mrazek without a rebound.
11:50 of 3rd period - Elias Pettersson wins face-off versus Tyler Seguin in VANCOUVER zone.
11:59 of 3rd period - Shot by Patrik Laine.
11:59 of 3rd period - Stopped by Petr Mrazek without a rebound.
12:00 of 3rd period - Tyler Seguin wins face-off versus Jamie Benn in VANCOUVER zone.
12:02 of 3rd period - Icing by Jonathan Huberdeau.
12:03 of 3rd period - Tyler Seguin wins face-off versus Jamie Benn in VANCOUVER zone.
12:03 of 3rd period - Tyler Seguin is hit by Tyler Bertuzzi.
12:31 of 3rd period - Shot by Hampus Lindholm.
12:31 of 3rd period - Stopped by Jack Campbell without a rebound.
12:32 of 3rd period - Nazem Kadri wins face-off versus Elias Pettersson in CALGARY zone.
13:34 of 3rd period - Jamie Benn is hit by Tyler Seguin and loses puck.
14:45 of 3rd period - Matt Nieto is hit by Luca Sbisa and loses puck.
15:20 of 3rd period - Sheldon Dries is hit by Blake Coleman and loses puck.
15:48 of 3rd period - Trevor Moore is hit by Rasmus Dahlin and loses puck.
16:50 of 3rd period - Icing by Tyler Seguin.
16:51 of 3rd period - Tyler Seguin wins face-off versus Chris Tierney in VANCOUVER zone.
16:51 of 3rd period - Tyler Seguin is hit by Blake Coleman.
17:17 of 3rd period - Shot by Jonathan Huberdeau.
17:17 of 3rd period - Stopped by Jack Campbell without a rebound.
17:18 of 3rd period - Nick Schmaltz wins face-off versus Jamie Benn in CALGARY zone.
17:23 of 3rd period - Shot by Melker Karlsson.
17:23 of 3rd period - Shot Misses the Net.
17:41 of 3rd period - Icing by Ryan Ellis.
17:42 of 3rd period - Elias Pettersson wins face-off versus Nick Schmaltz in VANCOUVER zone.
17:56 of 3rd period - Icing by Jaccob Slavin.
17:57 of 3rd period - Elias Pettersson wins face-off versus Nazem Kadri in CALGARY zone.
18:12 of 3rd period - Shot by Elias Pettersson.
18:12 of 3rd period - Shot Misses the Net.
18:14 of 3rd period - Shot by Mitchell Marner.
18:14 of 3rd period - Shot Misses the Net.
18:16 of 3rd period - Shot by Patrik Laine.
18:16 of 3rd period - Shot Misses the Net.
19:11 of 3rd period - VANCOUVER, Petr Mrazek is pulled from the net.
19:15 of 3rd period - Shot by Mark Stone.
19:15 of 3rd period - Stopped by Jack Campbell without a rebound.
19:16 of 3rd period - Tyler Seguin wins face-off versus Jamie Benn in CALGARY zone.
19:56 of 3rd period - Shot by Elias Pettersson.
19:56 of 3rd period - Shot Misses the Net.
19:57 of 3rd period - Minor Penalty to TJ Brodie for Charging.
19:58 of 3rd period - Petr Mrazek from VANCOUVER was sent back in the game.
19:58 of 3rd period - Nazem Kadri wins face-off versus Blake Coleman in VANCOUVER zone.
Goals for this period are 2 for VANCOUVER vs 1 for CALGARY.
Shots for this period are 10 for VANCOUVER vs 11 for CALGARY.